 Dungeon Crawl Stone Soup version 0.28-a0-1032-ga8db75c868 (webtiles) character file.

Game seed: 15097279425046273219

54 GregHouse the Chopper (level 3, 0/34 HPs)
             Began as a Hill Orc Monk on Dec 7, 2021.
             Was a Believer of Beogh.
             Slain by a black bear (2 damage)
             ... on level 4 of the Dungeon.
             The game lasted 00:03:57 (2469 turns).

GregHouse the Chopper (Hill Orc Monk)               Turns: 2469, Time: 00:03:57

Health: 0/34       AC:  2    Str: 15    XL:     3   Next: 91%
Magic:  3/3        EV: 12    Int: 10    God:    Beogh [**....]
Gold:   53         SH:  0    Dex: 13    Spells: 2/2 levels left

rFire   . . .      SeeInvis .   f - +1 whip (drain)
rCold   . . .      Faith    .   (no shield)
rNeg    . . .      Spirit   .   b - +0 robe
rPois   .          Reflect  .   (no helmet)
rElec   .          Harm     .   (no cloak)
rCorr   .          Rampage  .   (no gloves)
Will    .....                   (no boots)
Stlth   ++........              (no amulet)
HPRegen 0.11/turn               (no ring)
MPRegen 0.08/turn               (no ring)

@: no status effects
A: no striking features
a: Renounce Religion, Smiting


You were on level 4 of the Dungeon.
You worshipped Beogh.
Beogh was pleased with you.
You visited 1 branch of the dungeon, and saw 4 of its levels.

You collected 53 gold pieces.

Inventory:

Hand Weapons
 a - a +0 hand axe
 f - a +1 whip of draining (weapon)
Missiles
 h - a throwing net (quivered)
Armour
 b - a +0 robe (worn)
Scrolls
 c - a scroll of teleportation
 d - a scroll of magic mapping {unknown}
 e - a scroll of identify {unknown}
 g - a scroll of noise {unknown}


   Skills:
 + Level 4.3 Fighting
 + Level 4.8(4.9) Axes
 + Level 0.6(2.5) Maces & Flails
 + Level 2.8 Dodging
 + Level 1.8 Stealth


You had 2 spell levels left.
You didn't know any spells.
Your spell library contained the following spells:

 Spells                   Type           Power      Damage    Failure   Level
 Static Discharge         Conj/Air       0%         N/A       50%         2
 Lightning Bolt           Conj/Air       0%         1d11      100%        5
 Maxwell's Capacitive Co  Air            0%         ∞         100%        8


Dungeon Overview and Level Annotations

Branches:
Dungeon (3/15)

Altars:
Sif Muna


Message History

An endoplasm comes into view.
The endoplasm quivers.
A black bear comes into view.
Found an escape hatch in the floor.
The endoplasm hits you.
You hit the endoplasm.
The endoplasm is moderately wounded.
The endoplasm barely misses you.
You hit the endoplasm.
The endoplasm is almost dead.
The endoplasm freezes you.
You are frozen.
You hit the endoplasm.
You kill the endoplasm!
Beogh accepts your kill. The black bear bites you.
The black bear closely misses you.
The black bear claws you but does no damage.
You closely miss the black bear. The black bear bites you.
The black bear barely misses you. The black bear claws you.
You hit the black bear but do no damage.
The black bear barely misses you. The black bear claws you. x2
You hit the black bear. You drain the black bear.
The black bear is moderately wounded.
The black bear bites you. The black bear closely misses you. x2
You hit the black bear but do no damage.
The black bear is moderately wounded.
The black bear bites you. The black bear claws you. x2
* * * LOW HITPOINT WARNING * * *
You hit the black bear.
The black bear is heavily wounded.
The black bear barely misses you. The black bear claws you.
* * * LOW HITPOINT WARNING * * *
The black bear claws you.
* * * LOW HITPOINT WARNING * * *
You hit the black bear.
The black bear is heavily wounded.
The black bear bites you.
* * * LOW HITPOINT WARNING * * *
The black bear claws you.
You die...

###...............
..................
#................ ≈
#............... ≈≈≈ ♣♣
#............... ≈≈≈≈♣≈#
##..............
≈≈≈≈≈≈.###.....h.........
♣........@..........
♣####......##.......
##..............
#...............
#.##..####...... #.# #..#
....>. #.# ##.# ...... .#
### ......


You could see a black bear (drained).

Vanquished Creatures
  3 gnolls (D:3)
  An orc (D:3)
  4 endoplasms
  2 hobgoblins
  A quokka (D:1)
  2 ball pythons
  A bat (D:1)
  4 frilled lizards
  2 goblins
  2 kobolds
  3 rats
25 creatures vanquished.

Notes
Turn   | Place    | Note
-------+----------+-------------------------------------------
     0 | D:1      | GregHouse the Hill Orc Monk began the quest for the Orb.
     0 | D:1      | Reached XP level 1. HP: 19/19 MP: 1/1
   565 | D:1      | Found a faded altar of an unknown god.
   885 | D:2      | Reached XP level 2. HP: 11/27 MP: 2/2
  1449 | D:3      | Reached XP level 3. HP: 7/33 MP: 3/3
  1786 | D:3      | Became a worshipper of Beogh the Brigand
  1786 | D:3      | Reached * piety under Beogh
  1786 | D:3      | Reached ** piety under Beogh
  2220 | D:3      | Found a shimmering blue altar of Sif Muna.
  2445 | D:3      | You fall into a shaft and drop 1 floor!
  2454 | D:4      | Noticed a black bear
  2469 | D:4      | Slain by a black bear

Illustrated notes

Levels and vault maps discovered:
D:1:      giann_wishing_wells, layout_basic, ebering_ecumenical_altar_box,
          nrook_mini_vaults, minivault_27, chequers_hall_statues_wall_a
D:2:      layout_loops_corners, basic_altar, nrook_campfire
D:3:      layout_basic, grunt_gozag_breadcrumbs, old_standard_altar
D:4:      layout_layer_cave, mainiacjoe_overflow_alcove_2,
          nicolae_dithmenos_shadow_blocks, roderic_batcave, st_stairs_8,
          grunt_decor_fettered, serial_bayou_lake_a

Skill      XL: |  1  2 |
---------------+-------+-----
Fighting       | 4 |  4.3
Axes           | |  4.8
Maces & Flails | |  0.6
Dodging        | |  2.8
Stealth        | |  1.8

Action                   || total
-------------------------++-------
Melee: Hand axe          ||    41
       Whip              ||    50
Invok: Convert to Beogh  ||     1
  Use: Scroll            ||     1
 Stab: Distracted        ||     1
       Sleeping          ||     4
Armor: Robe              ||     4
Dodge: Dodged            ||    55

Table legend: (Time is in decaauts)
 A = Elapsed time spent in this place.
 B = Non-inter-level travel time spent in this place.
 C = Inter-level travel time spent in this place.
 D = Time resting spent in this place.
 E = Time spent auto-exploring this place.
 F = Levels seen in this place.
 G = Mean time per level.
                   A        B        C        D        E       F      G
               +--------+--------+--------+--------+--------+-----+--------+
         Total |   2471 |   2471 |      0 |   1509 |    663 |   4 |  617.8 |
       Dungeon |   2471 |   2471 |      0 |   1509 |    663 |   4 |  617.8 |
               +--------+--------+--------+--------+--------+-----+--------+

Top non-repeatable levels by time:
     D:3: 1245 daAuts
     D:1: 828 daAuts
     D:2: 374 daAuts
     D:4: 23 daAuts
